 Dungeon Crawl Stone Soup version 0.20.1-1-g8b1a95d (webtiles) character file.

67 robba the Charmwright (level 4, -3/34 HPs)
             Began as a Human Skald on Aug 18, 2017.
             Slain by a worm (8 damage)
             ... on level 3 of the Dungeon.
             The game lasted 00:10:53 (2137 turns).

robba the Charmwright (Human Skald)                 Turns: 2137, Time: 00:10:53

Health: -3/34      AC:  5    Str: 13    XL:     4   Next: 40%
Magic:  5/7        EV: 11    Int: 13    God:
Gold:   115        SH:  0    Dex: 12    Spells: 6/7 levels left

rFire    + . .     SeeInvis .   a - +0 hand axe
rCold    + . .     Gourm    .   (no shield)
rNeg     . . .     Faith    .   n - +0 ring mail
rPois    +         Spirit   .   (no helmet)
rElec    +         Reflect  .   (no cloak)
rCorr    +         Harm     .   (no gloves)
MR       .....                  (no boots)
Stlth    +.........             (no amulet)
Regen    0.2/turn               u - ring of poison resistance
MPRegen  0.1/turn               (no ring)

@: resistant, infused
A: no striking features
a: no special abilities


You were on level 3 of the Dungeon.
You were not hungry.

You visited 1 branch of the dungeon, and saw 3 of its levels.

You collected 115 gold pieces.

Inventory:

Hand Weapons
 a - a +0 hand axe (weapon)
Missiles
 f - 41 stones
 l - 17 poisoned needles (quivered)
 o - 24 arrows
Armour
 b - a +0 leather armour
 n - a +0 ring mail (worn)
Jewellery
 u - a ring of poison resistance (left hand)
Scrolls
 e - a scroll of amnesia
 j - a scroll of noise {unknown}
 k - a scroll of magic mapping {unknown}
 v - a scroll of immolation {unknown}
Potions
 h - a potion of curing {unknown}
 i - a potion of ambrosia {unknown}
 p - a potion of resistance
 q - a potion of agility
 s - a potion of flight
 w - 2 potions of berserk rage {unknown}
Books
 c - a book of Battle

   Spells                             Type                      Level
   a - Infusion                       Charms                       1
   b - Shroud of Golubria             Charms/Translocation         2
   c - Song of Slaying                Charms                       2
   d - Spectral Weapon                Hexes/Charms                 3
   e - Regeneration                   Charms/Necromancy            3
Comestibles
 d - 2 bread rations


   Skills:
 + Level 2.4 Fighting
 + Level 3.0 Axes
 + Level 1.6 Armour
 + Level 2.1 Dodging
 + Level 2.1 Spellcasting
 + Level 3.5 Charms


You had 6 spell levels left.
You knew the following spells:

 Your Spells              Type           Power        Failure   Level  Hunger
a - Infusion              Chrm           ##..         13%         1    ##.....


Dungeon Overview and Level Annotations

Branches:
Dungeon (3/15)

Altars:
Kikubaaqudgha
Ru


Message History

The worm is moderately wounded.
The worm bites you.
You hit the worm but do no damage.
The worm is moderately wounded.
You hit the worm.
The worm is moderately wounded.
The worm bites you.
You hit the worm.
The worm is heavily wounded.
The worm bites you!
Casting: Infusion
Confirm with . or Enter, or press ? or * to list all spells.
You begin infusing your attacks with magical energy.
You hit the worm.
The worm is heavily wounded.
The worm bites you!
* * * LOW HITPOINT WARNING * * *
You feel protected. The worm bites you!
You die...

########
.......#######
#.......#
####.#####.#
#w@.....##.#
........#.##.##.#
.##..#.##.##.##.#
................#
.#########......#
##.#.##.#
#....##.####
#####...........
#.......##..#...


You could see a worm.

Vanquished Creatures
  An adder (D:2)
  An ooze (D:2)
  A worm (D:2)
  2 dart slugs
  4 leopard geckos
  An orc (D:2)
  3 giant cockroaches (D:1)
  4 goblins (D:1)
  4 hobgoblins
  4 jackals (D:2)
  4 kobolds
  2 quokkas (D:2)
  2 bats (D:1)
  2 frilled lizards (D:2)
  4 rats
39 creatures vanquished.

Notes
Turn   | Place    | Note
-------+----------+-------------------------------------------
     0 | D:1      | robba the Human Skald began the quest for the Orb.
     0 | D:1      | Reached XP level 1. HP: 16/16 MP: 3/3
    15 | D:1      | Noticed a hog
    15 | D:1      | Noticed a komodo dragon
    15 | D:1      | Noticed a wyvern
    16 | D:1      | Noticed a polar bear
   116 | D:1      | Reached XP level 2. HP: 2/22 MP: 5/5
   825 | D:1      | Learned a level 1 spell: Infusion
   883 | D:1      | Reached XP level 3. HP: 27/27 MP: 6/6
  1361 | D:2      | Found a sacrificial altar of Ru.
  1696 | D:2      | Reached XP level 4. HP: 28/34 MP: 7/7
  2085 | D:3      | Found an ancient bone altar of Kikubaaqudgha.
  2137 | D:3      | Slain by a worm

Skill      XL: |  1  2  3  4 |
---------------+-------------+-----
Axes           | 3 |  3.0
Fighting       | |  2.4
Armour         | |  1.6
Dodging        | |  2.1
Spellcasting   | |  2.1
Charms         | |  3.5

Action                   |  1- 3 |  4- 6 || total
-------------------------+-------+-------++-------
Melee: Hand axe          |   109 |    39 ||   148
 Cast: Infusion          |     3 |     3 ||     6
  Use: Scroll            |     3 |     5 ||     8
       Potion            |       |     1 ||     1
  Eat: Bread ration      |     1 |       ||     1
Armor: Leather armour    |    11 |       ||    11
       Ring mail         |    14 |    12 ||    26
Dodge: Dodged            |    77 |    20 ||    97
